 Dungeon Crawl Stone Soup version 0.13.0-7-g3df9ff1 (webtiles) character file.

436 MackTheKnife the Charmwright (level 6, 0/39 HPs)
             Began as a High Elf Skald on Oct 16, 2013.
             Slain by an adder (1 damage)
             ... in a sewer.
             The game lasted 00:10:39 (4822 turns).

MackTheKnife the Charmwright (High Elf Skald)       Turns: 4822, Time: 00:10:40

HP   0/39        AC  3     Str 13      XL: 6   Next: 31%
MP  15/16        EV 13     Int 15      God:
Gold 93          SH  0     Dex 16      Spells:  3 memorised,  4 levels left

Res.Fire  : . . .   See Invis. : .   a - +0 elf falchion
Res.Cold  : . . .   Warding    : .   b - +0 elf leather armour
Life Prot.: . . .   Conserve   : .   (no shield)
Res.Poison: .       Res.Corr.  : .   (no helmet)
Res.Elec. : .       Clarity    : .   (no cloak)
Sust.Abil.: . .     Spirit.Shd : .   (no gloves)
Res.Mut.  : .       Stasis     : .   (no boots)
Res.Rott. : .       Flight     : .   (no amulet)
Saprovore : . . .                    (no ring)
                                     (no ring)

@: very poisoned, constricted, slightly resistant to hostile enchantments, very
unstealthy
A: no striking features
a: no special abilities


You were in a sewer.
You were not hungry.

You visited 1 branch of the dungeon, and saw 3 of its levels.
You also visited: Sewer.

You collected 73 gold pieces.

Inventory:

Hand weapons
 a - a +0,+0 elven falchion (weapon)
Missiles
 k - 19 poisoned needles
Armour
 b - a +0 elven leather armour (worn)
Comestibles
 d - 2 bread rations
 i - a meat ration
 n - a choko
 o - 11 strawberries
Scrolls
 l - a scroll of teleportation
 m - 3 scrolls of fog
 s - 2 scrolls of recharging {unknown}
Potions
 e - a potion of flight {unknown}
 f - 3 potions of curing {unknown}
 g - 4 potions of heal wounds
 h - 2 potions of restore abilities {unknown}
 r - a potion of magic {unknown}
Books
 c - a book of Battle

   Spells                             Type                      Level
   *Infusion                          Charms                       1
   Shroud of Golubria                 Charms/Translocation         2
   Song of Slaying                    Charms                       2
   *Spectral Weapon                   Hexes/Charms                 3
   *Regeneration                      Charms/Necromancy            3
   Song of Shielding                  Charms                       4


   Skills:
 - Level 2.0 Fighting
 + Level 4.6 Long Blades
 - Level 0.8 Armour
 + Level 4.1 Dodging
 - Level 3.0 Spellcasting
 + Level 5.7 Charms


You had 4 spell levels left.
You knew the following spells:

 Your Spells              Type           Power        Failure   Level  Hunger
a - Infusion              Chrm           ###...       1%          1    #......
b - Regeneration          Chrm/Necr      ##........   21%         3    ###....
c - Spectral Weapon       Hex/Chrm       ##......     21%         3    ###....


Dungeon Overview and Level Annotations

Branches:
Dungeon (3/27)

Altars:


Message History

You feel sick.
Your spectral weapon fades away.
The adder barely misses you. The adder bites you. The ball python bites you.
The ball python barely misses you.
Unknown command.
You feel sick. The adder bites you. The adder bites you.
The ball python bites you. The ball python misses you. The adder misses you.
You feel sick. The adder bites you.
* * * LOW HITPOINT WARNING * * *
You are more poisoned.
The adder poisons you! The adder bites you.
* * * LOW HITPOINT WARNING * * *
The ball python bites you.
* * * LOW HITPOINT WARNING * * *
The ball python grabs you.
* * * LOW HITPOINT WARNING * * *
The ball python constricts you. The adder bites you.
* * * LOW HITPOINT WARNING * * *
The adder bites you.
You die...

#..%..# #####....#
#..##....# #..'.....#
####....##
####################.....#
..≈≈≈≈≈≈≈≈≈≈≈≈≈≈≈≈.......#
..≈≈≈≈≈≈≈≈≈≈≈≈≈S≈≈......##
..≈≈≈≈≈≈≈≈≈≈≈≈≈S@≈......#
..≈≈≈≈≈≈≈≈≈≈≈≈≈S≈≈.....##
..≈≈≈≈≈≈≈≈≈≈≈≈≈≈≈≈....##
..≈≈≈≈≈≈≈≈≈≈≈≈≈≈≈≈..###
#####################


You could see 2 adders and a ball python.

Vanquished Creatures
  The ghost of MackTheKnife the Charmwright, a weakling HESk (D:3)
  A worker ant (D:3)
  8 adders
  4 green rats
  A giant mite (D:3)
  3 worms
  19 grey rats (Sewer)
  An ooze (Sewer)
  5 giant cockroaches
  6 goblins
  8 hobgoblins
  12 jackals
  2 quokkas
  11 ball pythons
  10 bats
  3 giant geckos
  5 giant newts
  5 kobolds
  14 rats
119 creatures vanquished.

Notes
Turn   | Place    | Note
--------------------------------------------------------------
     0 | D:1      | MackTheKnife, the High Elf Skald, began the quest for the Orb.
     0 | D:1      | Reached XP level 1. HP: 13/13 MP: 4/4
   408 | D:1      | Reached XP level 2. HP: 6/18 MP: 6/6
   767 | D:1      | Reached skill level 4 in Charms
  1192 | D:1      | Reached XP level 3. HP: 23/23 MP: 9/9
  1290 | D:1      | Learned a level 3 spell: Regeneration
  1294 | D:1      | Learned a level 3 spell: Spectral Weapon
  1956 | D:2      | Reached XP level 4. HP: 25/29 MP: 8/12
  2765 | D:2      | Reached skill level 5 in Charms
  2903 | D:3      | Noticed MackTheKnife's ghost (weakling HESk)
  3290 | D:3      | Killed MackTheKnife's ghost
  3290 | D:3      | Reached XP level 5. HP: 24/34 MP: 7/13
  3777 | D:3      | Found a glowing drain.
  3805 | Sewer    | Entered a sewer
  4191 | Sewer    | Reached XP level 6. HP: 29/39 MP: 6/16
  4822 | Sewer    | HP: 1/39 [adder (4)]
  4822 | Sewer    | Slain by an adder

Action                   |  1- 3 |  4- 6 || total
-------------------------+-------+-------++-------
Melee: Falchion          |   137 |   248 ||   385
 Cast: Infusion          |     2 |     6 ||     8
       Spectral Weapon   |     3 |    22 ||    25
       Regeneration      |       |     2 ||     2
  Use: Scroll            |       |     4 ||     4
       Potion            |       |     2 ||     2
 Stab: Distracted        |     2 |     1 ||     3
       Sleeping          |     1 |       ||     1
